 Dungeon Crawl Stone Soup version 0.27.1-3-gb3d3a73c9e (webtiles) character file.

Game seed: 8126997789155478112

191 raph the Spear-Bearer (level 5, -7/38 HPs)
             Began as a Merfolk Gladiator on Oct 18, 2021.
             Was a Believer of Cheibriados.
             Mangled by an orc priest (15 damage)
             ... on level 3 of the Dungeon.
             The game lasted 00:03:50 (3107 turns).

raph the Spear-Bearer (Merfolk Gladiator)           Turns: 3107, Time: 00:03:51

Health: -7/38      AC:  4    Str: 19    XL:     5   Next: 70%
Magic:  5/5        EV: 14    Int: 12    God:    Cheibriados [**....]
Gold:   48         SH:  0    Dex: 22    Spells: 4/4 levels left

rFire    . . .     SeeInvis .   a - +0 trident
rCold    . . .     Faith    .   (no shield)
rNeg     . . .     Spirit   .   b - +0 leather armour
rPois    .         Reflect  .   c - +0 helmet
rElec    .         Harm     .   (no cloak)
rCorr    .         Rampage  .   (no gloves)
Will     .....                  (no boots)
Stlth    ++........             (no amulet)
HPRegen  0.12/turn              (no ring)
MPRegen  0.09/turn              (no ring)

@: very slow
A: (nimble swimmer 2), mertail
a: Renounce Religion, Bend Time


You were on level 3 of the Dungeon.
You worshipped Cheibriados.
Cheibriados was pleased with you.
You visited 1 branch of the dungeon, and saw 3 of its levels.

You collected 48 gold pieces.

Inventory:

Hand Weapons
 a - a +0 trident (weapon)
Missiles
 d - 3 throwing nets
 f - 5 boomerangs (quivered)
 i - 9 poisoned darts
Armour
 b - a +0 leather armour (worn)
 c - a +0 helmet (worn)
Scrolls
 g - a scroll of noise {unknown}
Potions
 e - 2 potions of heal wounds {unknown}
 h - a potion of brilliance {unknown}


   Skills:
 - Level 2.1 Fighting
 + Level 9.0 Polearms
 - Level 2.0 Throwing
 - Level 4.0 Dodging


You had 4 spell levels left.
You didn't know any spells.
Your spell library was empty.

Dungeon Overview and Level Annotations

Branches:
Dungeon (2/15)

Altars:
Cheibriados

Shops:
D:1 [


Innate Abilities, Weirdness & Mutations

((You are quick and stealthy near water. (Stealth+, EV+, Speed+++)))
Your lower body shifts to a powerful aquatic tail in water.


Message History

There is an open door here.
Throw: 5 boomerangs
Press: ? - help, Q - select action, (/) - cycle Shift-Dir - straight line, f - orc priest
Aim: an orc priest, wielding a +0 hand axe of electrocution and wearing a +0 leather armour (65% to hit)
You throw a boomerang.
The boomerang completely misses the orc priest.
The orc shouts! x2
An orc priest comes into view. It is wielding a +0 flail.
Throw: 5 boomerangs
Press: ? - help, Q - select action, (/) - cycle Shift-Dir - straight line, f/p - orc priest
Aim: an orc priest, wielding a +0 hand axe of electrocution and wearing a +0 leather armour (65% to hit)
You throw a boomerang.
The boomerang closely misses the orc priest.
The orc priest shouts!
The orc priest calls down the wrath of Beogh upon you.
Beogh smites you!
Throw: 5 boomerangs
Press: ? - help, Q - select action, (/) - cycle Shift-Dir - straight line, f/p - orc priest
Aim: an orc priest, wielding a +0 hand axe of electrocution and wearing a +0 leather armour (65% to hit)
You throw a boomerang. The boomerang hits the orc priest.
The orc priest is moderately wounded.
The orc priest hits you but does no damage.
You are electrocuted!!
Ouch! That really hurt!
* * * LOW HITPOINT WARNING * * *
You hit the orc priest.
The orc priest is heavily wounded.
The orc priest barely misses you.
You fail to use your ability.
The orc priest casts a cantrip, but nothing happens.
You barely miss the orc priest.
The orc priest is heavily wounded.
The orc priest barely misses you.
Okay, then.
You completely miss the orc priest.
The orc priest is heavily wounded.
The orc priest hits you with a +0 hand axe of electrocution.
* * * LOW HITPOINT WARNING * * *
You are electrocuted!
You die...

#...# .....
#...########
######
#...........
...
#...........
...
#...........
...
##...####...
### #.### ..
#.# . #@#
#o#
......Soo#
......oo.#
.........#
.........#
.?.......+
.........#
.........#


You could see 2 orc priests, 3 orcs and a ball python.

Vanquished Creatures
  A necrophage (D:2)
  Jessica (D:2)
  2 adders (D:3)
  A worm (D:2)
  A dart slug (D:1)
  3 orcs (D:3)
  4 ball pythons
  3 endoplasms (D:1)
  3 giant cockroaches (D:1)
  4 goblins
  2 hobgoblins (D:1)
  6 jackals (D:2)
  A quokka (D:2)
  5 bats (D:1)
  4 frilled lizards (D:1)
  7 kobolds
  4 rats
52 creatures vanquished.

Notes
Turn   | Place    | Note
-------+----------+-------------------------------------------
     0 | D:1      | raph the Merfolk Gladiator began the quest for the Orb.
     0 | D:1      | Reached XP level 1. HP: 16/16 MP: 1/1
   620 | D:1      | Reached skill level 5 in Polearms
   621 | D:1      | Reached XP level 2. HP: 22/22 MP: 2/2
   788 | D:1      | Found a faded altar of an unknown god.
   800 | D:1      | Became a worshipper of Cheibriados the Contemplative
   800 | D:1      | Reached * piety under Cheibriados
   856 | D:1      | Found Cotel's Antique Armour Emporium.
   996 | D:1      | Reached skill level 6 in Polearms
   996 | D:1      | Reached XP level 3. HP: 27/27 MP: 3/3
  1115 | D:1      | You fall into a shaft and drop 1 floor!
  1115 | D:2      | Noticed a necrophage
  1137 | D:2      | Killed a necrophage
  1138 | D:2      | Reached skill level 8 in Polearms
  1138 | D:2      | Reached XP level 4. HP: 22/33 MP: 1/4
  1267 | D:2      | Reached XP level 5. HP: 38/38 MP: 5/5
  1410 | D:2      | Noticed Jessica
  1413 | D:2      | Killed Jessica
  1806 | D:1      | Reached ** piety under Cheibriados
  2462 | D:2      | You fall into a shaft and drop 1 floor!
  2813 | D:3      | Reached skill level 9 in Polearms
  3107 | D:3      | Mangled by an orc priest

Illustrated notes

Levels and vault maps discovered:
D:1:      dpeg_arrival_rooms_b, layout_basic, serial_shops, shop,
          ebering_ecumenical_altar_petrified, minmay_tromino_v7
D:2:      layout_loops_corners, kennysheep_generic_room_10, uniq_jessica
D:3:      layout_basic, mainiacjoe_overflow_cross_hatched, grunt_decor_arrowhead

Skill      XL: |  1  2  3  4  5 |
---------------+----------------+-----
Polearms       | 5 6 8 9 |  9.0
Fighting       | |  2.1
Throwing       | |  2.0
Dodging        | |  4.0

Action                   |  1- 3 |  4- 6 || total
-------------------------+-------+-------++-------
Melee: Trident           |    92 |    74 ||   166
Throw: Boomerang         |       |    21 ||    21
Invok: Bend Time         |     1 |       ||     1
 Stab: Sleeping          |     1 |     3 ||     4
Armor: Leather armour    |    23 |    11 ||    34
Dodge: Dodged            |    48 |    35 ||    83
